BSA
SPRINGFIELD STARS @ CHICAGO MACHINE
08/01/2026
 
TOP OF THE 1ST
Springfield Stars batting - Pitching for Chicago Machine : RHP Anthony Jackson
Pitching: RHP Anthony Jackson
Batting: RHB Calvin Bennett 0-0: Foul Ball, location: 2F
0-1: Ground out 5-3 (Groundball, 56S)
Batting: LHB Elliott Newell 0-0: Ball
1-0: Foul Ball, location: 2F
1-1: Ball
2-1: Ball
3-1: Ground out 5-3 (Groundball, 56)
Batting: LHB Derek Davidson 0-0: Called Strike
0-1: Ball
1-1: Called Strike
1-2: Strikes out looking
Top of the 1st over - 0 run(s), 0 hit(s), 0 error(s), 0 left on base; Springfield 0 - Chicago 0
BOTTOM OF THE 1ST
Chicago Machine batting - Pitching for Springfield Stars : LHP Joaquín Gonzáles
Pitching: LHP Joaquín Gonzáles
Batting: RHB Gonzalo Gil 0-0: Ball
1-0: Ground out 5-3 (Groundball, 5L)
Batting: RHB Derek Ramsey 0-0: Ball
1-0: Foul Ball, location: 2F
1-1: Ball
2-1: Fly out, F8 (Flyball, 8LM)
Batting: RHB Doug Stephens 0-0: Fly out, F6 (Line Drive, 6)
Bottom of the 1st over - 0 run(s), 0 hit(s), 0 error(s), 0 left on base; Springfield 0 - Chicago 0
TOP OF THE 2ND
Springfield Stars batting - Pitching for Chicago Machine : RHP Anthony Jackson
Batting: LHB Felipe Guerrero 0-0: Ball
1-0: Ball
2-0: Ball
3-0: Base on Balls
Batting: RHB Norberto Taváres 0-0: Ball
1-0: Ball
2-0: Grounds into double play, 5-4-3 (Groundball, 56)
Batting: SHB Shane Hutchinson 0-0: Ball
1-0: Called Strike
1-1: Called Strike
1-2: Ground out 1-3 (Groundball, 15)
Top of the 2nd over - 0 run(s), 0 hit(s), 0 error(s), 0 left on base; Springfield 0 - Chicago 0
BOTTOM OF THE 2ND
Chicago Machine batting - Pitching for Springfield Stars : LHP Joaquín Gonzáles
Batting: RHB Edward Young 0-0: Foul Ball, location: 2F
0-1: Swinging Strike
0-2: Foul Ball, location: 2F
0-2: Ball
1-2: Fly out, F9 (Flyball, 89D)
Batting: SHB Jesús Ramírez 0-0: Called Strike
0-1: Ball
1-1: SINGLE (Groundball, 56)
Batting: RHB Lorenzo Guzmán 0-0: Ball
1-0: DOUBLE (Line Drive, 8LD)
Jesús Ramírez to third
Runner from 3rd tries for Home, SAFE, no throw or cutoff
Batting: LHB Bob Smith 0-0: Swinging Strike
0-1: Foul Ball, location: 2F
0-2: Ball
1-2: Strikes out swinging
Batting: RHB Roberto Cardona 0-0: Ball
1-0: Ball
2-0: SINGLE (Groundball, 25) (infield hit)
Lorenzo Guzmán to third
Batting: SHB Joaquín López 0-0: Ball
Roberto Cardona steals 2nd base
1-0: Foul Ball, location: 2F
1-1: Ball
2-1: Called Strike
2-2: Ball
3-2: Foul Ball, location: 2F
3-2: Strikes out swinging
Bottom of the 2nd over - 1 run(s), 3 hit(s), 0 error(s), 2 left on base; Springfield 0 - Chicago 1
TOP OF THE 3RD
Springfield Stars batting - Pitching for Chicago Machine : RHP Anthony Jackson
Batting: LHB Ryan Drake 0-0: Ground out 5-3 (Groundball, 56S)
Batting: RHB Will Sterling 0-0: Ball
1-0: Foul Ball, location: 2F
1-1: Fly out, F6 (Line Drive, 56D)
Batting: LHB Jesús Tobías 0-0: Called Strike
0-1: Foul Ball, location: 2F
0-2: Foul Ball, location: 2F
0-2: Ground out U3 (Groundball, 3S)
Top of the 3rd over - 0 run(s), 0 hit(s), 0 error(s), 0 left on base; Springfield 0 - Chicago 1
BOTTOM OF THE 3RD
Chicago Machine batting - Pitching for Springfield Stars : LHP Joaquín Gonzáles
Batting: RHB Gonzalo Gil 0-0: Ball
1-0: Ball
2-0: Ball
3-0: Called Strike
3-1: Reached on error, E6 (Groundball, 6)
Batting: RHB Derek Ramsey 0-0: Ball
1-0: Called Strike
1-1: Foul Ball, location: 2F
1-2: Foul Ball, location: 2F
1-2: Fly out, F8 (Line Drive, 8RS)
Batting: RHB Doug Stephens 0-0: Called Strike
Gonzalo Gil is caught stealing 2nd base
0-1: Called Strike
0-2: Strikes out swinging
Bottom of the 3rd over - 0 run(s), 0 hit(s), 1 error(s), 0 left on base; Springfield 0 - Chicago 1
TOP OF THE 4TH
Springfield Stars batting - Pitching for Chicago Machine : RHP Anthony Jackson
Batting: RHB Calvin Bennett 0-0: Ball
1-0: Ball
2-0: Called Strike
2-1: Ball
3-1: Called Strike
3-2: Ground out 4-3 (Groundball, 4)
Batting: LHB Elliott Newell 0-0: Ball
1-0: Called Strike
1-1: Ball
2-1: DOUBLE (Groundball, 5L)
Batting: LHB Derek Davidson 0-0: Ball
1-0: Ball
2-0: Foul Ball, location: 2F
2-1: Ball
3-1: Called Strike
3-2: Base on Balls
Batting: LHB Felipe Guerrero 0-0: Foul Ball, location: 2F
0-1: Foul Ball, location: 2F
0-2: Ball
1-2: Ball
2-2: Foul Ball, location: 2F
2-2: Fielders Choice at 2nd, 4-6 (Groundball, 34)
Elliott Newell to third
Batting: RHB Norberto Taváres 0-0: Foul Ball, location: 2F
0-1: Ball
1-1: Foul Ball, location: 2F
1-2: DOUBLE (Line Drive, 5L)
Elliott Newell scores
Felipe Guerrero to third
Runner from 3rd tries for Home, SAFE, no throw or cutoff
Batting: SHB Shane Hutchinson 0-0: Foul Ball, location: 2F
0-1: Ball
1-1: Swinging Strike
1-2: Ball
2-2: Ball
3-2: Strikes out looking
Top of the 4th over - 2 run(s), 2 hit(s), 0 error(s), 1 left on base; Springfield 2 - Chicago 1
BOTTOM OF THE 4TH
Chicago Machine batting - Pitching for Springfield Stars : LHP Joaquín Gonzáles
Batting: RHB Edward Young 0-0: Ball
1-0: Ball
2-0: Called Strike
2-1: Called Strike
2-2: Ball
3-2: Fly out, F9 (Flyball, 9LD)
Batting: SHB Jesús Ramírez 0-0: Ball
1-0: Fly out, F9 (Flyball, 9S)
Batting: RHB Lorenzo Guzmán 0-0: Ground out 3-1 (Groundball, 3)
Bottom of the 4th over - 0 run(s), 0 hit(s), 0 error(s), 0 left on base; Springfield 2 - Chicago 1
TOP OF THE 5TH
Springfield Stars batting - Pitching for Chicago Machine : RHP Anthony Jackson
Batting: LHB Ryan Drake 0-0: Called Strike
0-1: Ball
1-1: DOUBLE (Line Drive, 89M)
Batting: RHB Will Sterling 0-0: Called Strike
0-1: Ball
1-1: Ball
2-1: Ball
3-1: Base on Balls
Batting: LHB Jesús Tobías 0-0: Ground out U3 (Groundball, 3S)
Ryan Drake to third
Will Sterling to second
Batting: RHB Calvin Bennett 0-0: Called Strike
0-1: Ball
1-1: Ball
2-1: Swinging Strike
2-2: Ball
3-2: Base on Balls
Batting: LHB Elliott Newell 0-0: Ball
1-0: Grounds into double play, 4-6-3 (Groundball, 4)
Top of the 5th over - 0 run(s), 1 hit(s), 0 error(s), 2 left on base; Springfield 2 - Chicago 1
BOTTOM OF THE 5TH
Chicago Machine batting - Pitching for Springfield Stars : LHP Joaquín Gonzáles
Batting: LHB Bob Smith 0-0: Ground out U3 (Groundball, 3S)
Batting: RHB Roberto Cardona 0-0: Ball
1-0: Foul Ball, location: 2F
1-1: Ball
2-1: Called Strike
2-2: Fly out, F9 (Flyball, 9LS)
Batting: SHB Joaquín López 0-0: Ball
1-0: Called Strike
1-1: Ball
2-1: Ball
3-1: Base on Balls
Batting: RHB Gonzalo Gil 0-0: Called Strike
0-1: Ball
1-1: Ground out 6-3 (Groundball, 6)
Bottom of the 5th over - 0 run(s), 0 hit(s), 0 error(s), 1 left on base; Springfield 2 - Chicago 1
TOP OF THE 6TH
Springfield Stars batting - Pitching for Chicago Machine : RHP Anthony Jackson
Batting: LHB Derek Davidson 0-0: Foul Ball, location: 2F
0-1: Foul Ball, location: 2F
0-2: Ball
1-2: Fly out, F4 (Popup, 4)
Batting: LHB Felipe Guerrero 0-0: Ball
1-0: Ball
2-0: Ball
3-0: Called Strike
3-1: Foul Ball, location: 2F
3-2: Foul Ball, location: 2F
3-2: Strikes out swinging
Batting: RHB Norberto Taváres 0-0: Swinging Strike
0-1: Foul Ball, location: 2F
0-2: Ball
1-2: Foul Ball, location: 2F
1-2: Ball
2-2: Ball
3-2: Base on Balls
Pitching: RHP Jorge Hernández
Batting: SHB Shane Hutchinson 0-0: Called Strike
Norberto Taváres steals 2nd base
0-1: Ball
1-1: Foul Ball, location: 2F
1-2: Strikes out swinging
Top of the 6th over - 0 run(s), 0 hit(s), 0 error(s), 1 left on base; Springfield 2 - Chicago 1
BOTTOM OF THE 6TH
Chicago Machine batting - Pitching for Springfield Stars : LHP Joaquín Gonzáles
Batting: RHB Derek Ramsey 0-0: Ball
1-0: Fly out, F2 (Popup, 2RF)
Batting: RHB Doug Stephens 0-0: Ball
1-0: Fly out, F7 (Flyball, 78XD)
Batting: RHB Edward Young 0-0: Ground out 1-3 (Groundball, 13)
Bottom of the 6th over - 0 run(s), 0 hit(s), 0 error(s), 0 left on base; Springfield 2 - Chicago 1
TOP OF THE 7TH
Springfield Stars batting - Pitching for Chicago Machine : RHP Jorge Hernández
Batting: LHB Ryan Drake 0-0: Ball
1-0: Ball
2-0: Ball
3-0: Called Strike
3-1: Base on Balls
Batting: RHB Will Sterling 0-0: Called Strike
0-1: Ball
1-1: Ball
2-1: Swinging Strike
2-2: Grounds into double play, 6-4-3 (Groundball, 6D)
Batting: LHB Jesús Tobías 0-0: Called Strike
0-1: Ball
1-1: Fly out, F9 (Flyball, 89M)
Top of the 7th over - 0 run(s), 0 hit(s), 0 error(s), 0 left on base; Springfield 2 - Chicago 1
BOTTOM OF THE 7TH
Chicago Machine batting - Pitching for Springfield Stars : LHP Joaquín Gonzáles
Batting: SHB Jesús Ramírez 0-0: Ground out 6-3 (Groundball, 6)
Batting: RHB Lorenzo Guzmán 0-0: Ball
1-0: Ball
2-0: Called Strike
2-1: Ground out 4-3 (Groundball, 4)
Batting: LHB Bob Smith 0-0: Ground out 6-3 (Groundball, 6M)
Bottom of the 7th over - 0 run(s), 0 hit(s), 0 error(s), 0 left on base; Springfield 2 - Chicago 1
TOP OF THE 8TH
Springfield Stars batting - Pitching for Chicago Machine : RHP Jorge Hernández
Batting: RHB Calvin Bennett 0-0: Ball
1-0: Foul Ball, location: 2F
1-1: Ball
2-1: Ball
3-1: Called Strike
3-2: Base on Balls
Batting: LHB Elliott Newell 0-0: Ball
1-0: Swinging Strike
1-1: Ball
2-1: Swinging Strike
2-2: Ball
3-2: SINGLE (Groundball, 34D) (infield hit)
Calvin Bennett to second
Batting: LHB Derek Davidson 0-0: Swinging Strike
0-1: SINGLE (Groundball, 34S) (infield hit)
Calvin Bennett to third
Elliott Newell to second
Batting: LHB Felipe Guerrero Balk!
Calvin Bennett scores
Elliott Newell to third
Derek Davidson to second
0-0: Intentional Walk
Batting: RHB Norberto Taváres 0-0: Ball
1-0: Called Strike
1-1: Ball
2-1: Fly out, F9 (Flyball, 9M)
Runner from 3rd tags up, OUT at HOME
Derek Davidson to third
Felipe Guerrero to second
Batting: SHB Shane Hutchinson 0-0: Swinging Strike
0-1: Ball
1-1: Swinging Strike
1-2: Strikes out swinging
Top of the 8th over - 1 run(s), 2 hit(s), 0 error(s), 2 left on base; Springfield 3 - Chicago 1
BOTTOM OF THE 8TH
Chicago Machine batting - Pitching for Springfield Stars : LHP Joaquín Gonzáles
Now at 1B: David García
Batting: RHB Roberto Cardona 0-0: Called Strike
0-1: Ball
1-1: Ball
2-1: Ball
3-1: Ground out 6-3 (Groundball, 6)
Batting: SHB Joaquín López 0-0: Called Strike
0-1: Called Strike
0-2: Ball
1-2: Ball
2-2: Ball
3-2: Strikes out swinging
Batting: RHB Gonzalo Gil 0-0: Ball
1-0: Ground out 5-3 (Groundball, 5L)
Bottom of the 8th over - 0 run(s), 0 hit(s), 0 error(s), 0 left on base; Springfield 3 - Chicago 1
TOP OF THE 9TH
Springfield Stars batting - Pitching for Chicago Machine : RHP Jorge Hernández
Pitching: RHP Víctor Reyes
Batting: LHB Ryan Drake 0-0: Ball
1-0: Ball
2-0: Ball
3-0: Called Strike
3-1: Ground out U3 (Groundball, 3S)
Batting: RHB Will Sterling 0-0: Called Strike
0-1: Foul Ball, location: 2F
0-2: Strikes out looking
Batting: LHB Jesús Tobías 0-0: Ball
1-0: Ground out 5-3 (Groundball, 15S)
Top of the 9th over - 0 run(s), 0 hit(s), 0 error(s), 0 left on base; Springfield 3 - Chicago 1
BOTTOM OF THE 9TH
Chicago Machine batting - Pitching for Springfield Stars : LHP Joaquín Gonzáles
Pitching: RHP José Valdéz
Batting: RHB Derek Ramsey 0-0: Called Strike
0-1: Ball
1-1: Ground out 1-3 (Groundball, 15)
Batting: RHB Doug Stephens 0-0: Ball
1-0: Ball
2-0: Foul Ball, location: 2F
2-1: Ball
3-1: Foul Ball, location: 2F
3-2: Foul Ball, location: 2F
3-2: Strikes out swinging
Batting: RHB Edward Young 0-0: Called Strike
0-1: Called Strike
0-2: Foul Ball, location: 2F
0-2: Ball
1-2: Strikes out swinging
Bottom of the 9th over - 0 run(s), 0 hit(s), 0 error(s), 0 left on base; Springfield 3 - Chicago 1
Monday, December 5th, 2016 - OOTP Baseball 17.12 Build 75